 Dungeon Crawl Stone Soup version 0.24-a0-254-gf493760 (webtiles) character file.

Game seed: 15669627578734689880

31535 mopl the Arsonist (level 13, -1/128 HPs)
             Began as an Ogre Fire Elementalist on Apr 18, 2019.
             Was an Elder of Vehumet.
             Slain by a wolf spider (14 damage)
             ... on level 3 of the Lair of Beasts.
             The game lasted 00:51:37 (16764 turns).

mopl the Arsonist (Ogre Fire Elementalist)         Turns: 16764, Time: 00:51:38

Health: -1/128     AC:  7    Str: 15    XL:     13   Next: 58%
Magic:  12/37      EV:  5    Int: 20    God:    Vehumet [****..]
Gold:   1368       SH:  0    Dex:  9    Spells: 14/34 levels left

rFire    . . .     SeeInvis +   a - staff of energy {!a}
rCold    . . .     Gourm    .   (no shield)
rNeg     + . .     Faith    .   O - +0 troll leather armour
rPois    .         Spirit   .   L - +1 hat {SInv}
rElec    .         Reflect  .   H - +0 cloak
rCorr    .         Harm     .   (gloves unavailable)
MR       +....                  (boots unavailable)
Stlth    +.........             (no amulet)
HPRegen  0.71/turn              w - ring of magical power
MPRegen  0.25/turn              W - ring of positive energy

@: held
A: large, unfitting armour, tough skin 1
a: Renounce Religion


You were on level 3 of the Lair of Beasts.
You worshipped Vehumet.
Vehumet was greatly pleased with you.
You were not hungry.

You visited 3 branches of the dungeon, and saw 16 of its levels.

You collected 1368 gold pieces.

Inventory:

Hand Weapons
 b - a +2 short sword of electrocution
 d - a +5 dagger of draining
 g - a +2 short sword of venom
 R - a +6 glaive
Missiles
 o - 7 javelins of penetration
 P - 5 javelins (quivered)
Armour
 H - a +0 cloak (worn)
 L - a +1 hat of see invisible (worn)
 O - a +0 troll leather armour (worn)
 T - a +0 robe of resistance
Magical Staves
 a - an uncursed staff of energy (weapon) {!a}
 C - an uncursed staff of summoning {!a}
Jewellery
 w - a ring of magical power (left hand)
 W - a ring of positive energy (right hand)
Wands
 f - a wand of iceblast (10)
 p - a wand of disintegration (6)
 u - a wand of digging (3)
 D - a wand of polymorph (18)
 N - a wand of scattershot (5)
Scrolls
 h - 7 scrolls of remove curse
 j - 4 scrolls of noise {unknown}
 k - 2 scrolls of fog {unknown}
 m - 2 scrolls of magic mapping {unknown}
 q - 3 scrolls of enchant armour {unknown}
 t - 2 scrolls of blinking {unknown}
 x - a scroll of enchant weapon {unknown}
 y - a scroll of random uselessness {unknown}
 z - 2 scrolls of silence {unknown}
 A - 6 scrolls of teleportation {unknown}
 B - 2 scrolls of amnesia {unknown}
 E - 2 scrolls of immolation {unknown}
 F - 5 scrolls of fear {unknown}
 M - a scroll of brand weapon {unknown}
Potions
 e - a potion of mutation {!q}
 i - 4 potions of heal wounds
 l - 4 potions of flight
 n - 2 potions of cancellation
 r - a potion of might
 s - 10 potions of curing
 v - 2 potions of resistance
 G - 2 potions of brilliance
 I - 2 potions of invisibility
 Q - a potion of ambrosia
 V - 2 potions of lignification {!q}
Miscellaneous
 K - a phantom mirror
 S - a phial of floods
Comestibles
 c - 36 rations
 J - 2 chunks of flesh


   Skills:
 + Level 8.6 Fighting
 - Level 1.7 Dodging
 - Level 1.4 Stealth
 + Level 11.1 Spellcasting
 + Level 11.4 Conjurations
 - Level 2.0 Hexes
 + Level 11.7 Fire Magic
 + Level 5.3 Poison Magic
 + Level 4.4 Evocations


You had 14 spell levels left.
You knew the following spells:

 Your Spells              Type           Power        Failure   Level  Hunger
a - Flame Tongue          Conj/Fire      #####        1%          1    None
c - Conjure Flame         Conj/Fire      ######..     1%          3    None
d - Sticky Flame          Conj/Fire      ######..     1%          4    None
f - Fireball              Conj/Fire      ######....   1%          5    None
h - Inner Flame           Hex/Fire       #####...     1%          3    None
o - Olgreb's Toxic Radia  Pois           ####....     2%          4    None

Your spell library contained the following spells:

 Spells                   Type           Power        Failure   Level  Hunger
 Bolt of Draining         Conj/Necr      ####......   5%          5    None
 Throw Flame              Conj/Fire      ######       1%          2    None
 Summon Butterflies       Summ           ##......     8%          1    None
 Call Canine Familiar     Summ           ##......     22%         3    None
 Summon Ice Beast         Ice/Summ       ##......     58%         4    None
 Summon Mana Viper        Hex/Summ       ###.....     80%         5    None
 Summon Hydra             Summ           ##........   100%        7    None


Dungeon Overview and Level Annotations

Branches:
Dungeon (12/15)            Temple (1/1) D:5            Lair (3/6) D:9
  Swamp (0/4) Lair:3       Spider (0/4) Lair:3          Orc (0/2) D:10

Altars:
Ashenzari
Cheibriados
Dithmenos
Elyvilon
Fedhas
Kikubaaqudgha
Makhleb
Nemelex Xobeh
Okawaru
Qazlal
Uskayaw
Vehumet
Xom
Yredelemnul

Annotations:
D:7 2 transporters, Ijustatesigmund's ghost, novice OpFi
D:8 bb
D:10 bb


Innate Abilities, Weirdness & Mutations

You are too large for most types of armour.
You have tough skin. (AC +1)


Message History

The wolf spider barely misses you. x2; The jumping spider leaps!
The wolf spider hits you.
* * * LOW HITPOINT WARNING * * *
The wolf spider bites you.
* * * LOW HITPOINT WARNING * * *
The wolf spider completely misses you. The wolf spider bites you!
* * * LOW HITPOINT WARNING * * *
Casting: Fireball (safe; 1% risk of failure)
Confirm with . or Enter, or press ? or * to list all spells.
Aiming: Fireball (safe; 1% risk of failure)
Press: ? - help, Shift-Dir - straight line, p - wolf spider The fireball explodes!
The fireball engulfs the wolf spider!!
The wolf spider is almost dead.
The jumping spider burns!
The jumping spider stops burning.
The wolf spider hits you!
* * * LOW HITPOINT WARNING * * *
The wolf spider bites you.
* * * LOW HITPOINT WARNING * * *
The wolf spider hits you!
You die...

#### ##### ###..#
#.... ###....#
##.... #......#
#.....
####.....#####....
###.###....##.##....
#..........+.......#
#...#...............
#..@###....P.##..#[.
#.○ss###....####....
#..$.§..###..#
#.#...
##.##^^/.^####
###... ## #^.s^.#
#>.8 #^.... #...
..^.. #... ###..>
###.. ##.##..
###.##.


You could see 2 wolf spiders and a jumping spider.

Vanquished Creatures
  Gastronok (D:9)
  A hydra (Lair:2)
  2 two-headed ogres
  Urug (Lair:1)
  Nergalle (Lair:2)
  4 unseen horrors
  A deep elf mage (D:11)
  3 oklob plants (Lair:2)
  An ugly thing (D:11)
  2 cyclopes (D:11)
  Maurice (D:11)
  5 elephants (Lair:3)
  4 spiny frogs
  A centaur zombie (D:11)
  A black mamba (Lair:3)
  An orange demon (D:10)
  A gargoyle (D:10)
  3 komodo dragons
  A rime drake (Lair:2)
  A kobold demonologist (D:11)
  A jumping spider (Lair:3)
  A troll (D:12)
  A tyrant leech (Lair:3)
  6 blink frogs
  6 hippogriffs
  3 wyverns
  A human (D:8)
  A basilisk (Lair:2)
  A hungry ghost (D:8)
  A steam dragon (Lair:2)
  15 yaks
  5 swamp worms (D:9)
  4 wargs
  9 water moccasins
  An orc warrior (D:11)
  8 porcupines
  2 ice beasts
  3 sky beasts
  4 black bears
  A hornet zombie (D:8)
  A necrophage (D:9)
  3 phantoms
  8 wolves
  2 centaurs (D:8)
  4 crocodiles
  5 ogres
  Blork the orc (D:5)
  14 bullfrogs
  A gnoll sergeant (D:9)
  A wyvern zombie (D:8)
  4 scorpions
  4 wights (D:10)
  38 killer bees
  3 crimson imps
  3 quasits
  2 orc priests
  10 orc wizards
  7 hounds
  3 iguanas
  Jessica (D:3)
  3 bullfrog skeletons
  14 worker ants
  A hound zombie (D:9)
  2 hound skeletons
  A worker ant zombie (D:10)
  14 adders
  5 gnolls (D:9)
  A river rat (Lair:2)
  A shadow imp (D:5)
  2 adder zombies
  An ooze (D:2)
  An adder skeleton (D:4)
  5 worms
  2 dart slugs (D:2)
  7 leopard geckos
  51 orcs
  4 ball pythons
  3 giant cockroaches
  9 goblins
  3 hobgoblins
  4 quokkas
  5 bats
  4 frilled lizards
  A jackal skeleton (D:7)
  7 kobolds
  A quokka skeleton (D:5)
  8 rats
385 creatures vanquished.

Vanquished Creatures (others)
  37 fungi
  8 plants
45 creatures vanquished.

Grand Total: 430 creatures vanquished

Notes
Turn   | Place    | Note
-------+----------+-------------------------------------------
     0 | D:1      | mopl the Ogre Fire Elementalist began the quest for the
                  | Orb.
     0 | D:1      | Reached XP level 1. HP: 16/16 MP: 3/3
    43 | D:1      | Reached skill level 1 in Conjurations
   128 | D:1      | Reached XP level 2. HP: 3/24 MP: 2/5
   962 | D:2      | Reached skill level 3 in Spellcasting
   962 | D:2      | Reached skill level 3 in Fire Magic
   962 | D:2      | Reached XP level 3. HP: 31/31 MP: 2/7
  1082 | D:2      | Found a sparkling altar of Nemelex Xobeh.
  1101 | D:2      | Found a white marble altar of Elyvilon.
  1116 | D:2      | Reached skill level 2 in Conjurations
  1118 | D:2      | Reached XP level 4. HP: 36/39 MP: 6/8
  1128 | D:2      | Learned a level 4 spell: Sticky Flame
  1167 | D:2      | Learned a level 3 spell: Conjure Flame
  1832 | D:2      | Reached XP level 5. HP: 41/45 MP: 10/10
  2463 | D:3      | Reached skill level 4 in Spellcasting
  2515 | D:3      | Noticed Jessica
  2520 | D:3      | Killed Jessica
  2751 | D:3      | Reached skill level 4 in Fire Magic
  2953 | D:4      | Reached XP level 6. HP: 53/53 MP: 9/12
  3098 | D:4      | Noticed a +0 dagger
  3098 | D:4      | Noticed a +0 dagger
  3100 | D:4      | Found a hide-covered altar of Uskayaw.
  3237 | D:4      | You fall through a shaft for 2 floors!
  3259 | D:6      | Reached skill level 3 in Conjurations
  3473 | D:5      | Entered Level 5 of the Dungeon
  3526 | D:4      | Reached skill level 1 in Evocations
  3895 | D:5      | Learned a level 5 spell: Fireball
  3939 | D:5      | Reached XP level 7. HP: 42/59 MP: 13/14
  4152 | D:5      | Reached skill level 5 in Spellcasting
  4181 | D:5      | Found a blossoming altar of Fedhas.
  4222 | D:5      | Found a staircase to the Ecumenical Temple.
  4236 | D:5      | Noticed Blork the orc
  4247 | D:5      | Killed Blork the orc
  4247 | D:5      | Reached skill level 2 in Evocations
  4265 | Temple   | Entered the Ecumenical Temple
  4278 | Temple   | Became a worshipper of Vehumet
  4582 | D:5      | Reached skill level 4 in Conjurations
  4670 | D:5      | Found an ancient bone altar of Kikubaaqudgha.
  4744 | D:5      | Found a snail-covered altar of Cheibriados.
  4920 | D:6      | Reached skill level 5 in Fire Magic
  4920 | D:6      | Reached XP level 8. HP: 67/67 MP: 16/16
  5308 | D:6      | Found a shimmering altar of Xom.
  5420 | D:6      | Reached skill level 3 in Evocations
  5445 | D:6      | Reached skill level 6 in Spellcasting
  5976 | D:7      | Reached skill level 5 in Conjurations
  5978 | D:7      | Reached * piety under Vehumet
  5978 | D:7      | Offered knowledge of Freeze by Vehumet.
  6003 | D:7      | Found a stormy altar of Qazlal.
  6123 | D:7      | Noticed a hippogriff
  6136 | D:7      | Killed a hippogriff
  6136 | D:7      | Reached skill level 6 in Fire Magic
  6155 | D:7      | Found a transporter.
  6156 | D:7      | Noticed a hippogriff
  6156 | D:7      | Noticed a moth of wrath
  6156 | D:7      | Noticed Ijustatesigmund's ghost (novice OpFi)
  6169 | D:7      | Found a transporter.
  6217 | D:7      | Found an iron altar of Okawaru.
  6224 | D:7      | Reached XP level 9. HP: 65/74 MP: 18/18
  6621 | D:8      | Reached skill level 6 in Conjurations
  6773 | D:8      | Offered knowledge of Shock by Vehumet.
  6773 | D:8      | Reached skill level 7 in Spellcasting
  7072 | D:8      | Reached skill level 7 in Fire Magic
  7128 | D:8      | Reached ** piety under Vehumet
  7332 | D:9      | Reached skill level 7 in Conjurations
  7821 | D:9      | Noticed Gastronok
  7836 | D:9      | Reached XP level 10. HP: 44/81 MP: 14/21
  7837 | D:9      | Killed Gastronok
  7837 | D:9      | Reached skill level 8 in Spellcasting
  7837 | D:9      | Reached skill level 8 in Conjurations
  7837 | D:9      | Reached skill level 8 in Fire Magic
  7902 | D:10     | Entered Level 10 of the Dungeon
  7952 | D:10     | Noticed a gargoyle
  8310 | D:9      | Reached skill level 9 in Fire Magic
  8328 | D:9      | Reached skill level 1 in Fighting
  8667 | D:9      | Noticed a two-headed ogre
  8687 | D:9      | Killed a two-headed ogre
  8687 | D:9      | Reached skill level 2 in Fighting
  8687 | D:9      | Reached skill level 9 in Conjurations
  8687 | D:9      | Reached XP level 11. HP: 83/94 MP: 23/23
  8752 | D:9      | Offered knowledge of Dazzling Spray by Vehumet.
  8806 | D:9      | Found a staircase to the Lair.
  8892 | D:9      | Reached skill level 3 in Fighting
  9015 | D:8      | Reached *** piety under Vehumet
  9015 | D:8      | Reached skill level 9 in Spellcasting
  9179 | D:8      | Noticed a cyclops
  9919 | D:10     | Offered knowledge of Olgreb's Toxic Radiance by Vehumet.
  9931 | D:10     | Learned a level 4 spell: Olgreb's Toxic Radiance
  9962 | D:10     | Found a staircase to the Orcish Mines.
 10487 | D:10     | Reached skill level 1 in Poison Magic
 10516 | D:10     | Reached skill level 4 in Fighting
 10726 | D:10     | Reached skill level 10 in Fire Magic
 10775 | D:10     | Noticed an unseen horror
 10784 | D:10     | Killed an unseen horror
 10788 | D:10     | Found a burning altar of Makhleb.
 10824 | D:10     | Reached **** piety under Vehumet
 11034 | D:11     | Noticed a deep elf mage
 11042 | D:11     | Killed a deep elf mage
 11053 | D:11     | Noticed a two-headed ogre
 11056 | D:10     | Offered knowledge of Static Discharge by Vehumet.
 11163 | D:11     | Noticed an unseen horror
 11171 | D:11     | Killed an unseen horror
 11171 | D:11     | Reached skill level 2 in Poison Magic
 11425 | D:11     | Reached skill level 10 in Conjurations
 11563 | D:11     | Noticed a cyclops
 11569 | D:11     | Killed a cyclops
 11569 | D:11     | Reached skill level 5 in Fighting
 11868 | D:11     | Noticed a white ugly thing
 12040 | D:11     | Learned a level 3 spell: Inner Flame
 12050 | D:11     | Noticed Maurice
 12061 | D:11     | Killed Maurice
 12168 | D:11     | Noticed an unseen horror
 12174 | D:11     | Killed an unseen horror
 12174 | D:11     | Reached XP level 12. HP: 99/111 MP: 25/25
 12268 | D:11     | Killed a two-headed ogre
 12268 | D:11     | Reached skill level 1 in Hexes
 13265 | D:11     | Reached skill level 3 in Poison Magic
 13352 | D:12     | Reached skill level 6 in Fighting
 13352 | D:12     | Reached skill level 10 in Spellcasting
 13545 | Lair:1   | Entered Level 1 of the Lair of Beasts
 13545 | Lair:1   | Noticed Urug
 13550 | Lair:1   | Killed Urug
 13723 | Lair:1   | Reached skill level 2 in Hexes
 14059 | Lair:1   | Reached skill level 11 in Fire Magic
 14458 | Lair:2   | Noticed Nergalle
 14470 | Lair:2   | Killed Nergalle
 14734 | Lair:2   | Reached skill level 7 in Fighting
 14734 | Lair:2   | Reached skill level 11 in Conjurations
 14752 | Lair:2   | Reached skill level 4 in Poison Magic
 14765 | Lair:2   | Noticed a seven-headed hydra
 14779 | Lair:2   | Killed a seven-headed hydra
 15005 | Lair:2   | Reached XP level 13. HP: 77/124 MP: 27/27
 15199 | Lair:2   | Reached ***** piety under Vehumet
 15199 | Lair:2   | Offered knowledge of Bolt of Draining by Vehumet.
 15507 | Lair:2   | Reached skill level 8 in Fighting
 15648 | Lair:2   | Reached skill level 4 in Evocations
 16131 | Lair:3   | Reached skill level 5 in Poison Magic
 16371 | Lair:3   | Reached skill level 11 in Spellcasting
 16633 | Lair:3   | Found a staircase to the Swamp.
 16754 | Lair:3   | Found a hole to the Spider Nest.
 16764 | Lair:3   | Slain by a wolf spider

Levels and vault maps discovered:
D:1:      dpeg_arrival_castle, layout_basic, minmay_misc_feat_tiny
D:2:      layout_loops_corners, overflow_temple_1_default,
          nemelex_xobeh_ov_fountains_minmay
D:3:      layout_basic, uniq_jessica
D:4:      layout_loops_cross, dancing_weapons_uskayaw
D:5:      layout_loops_cross, cheibriados_altar_1,
          lemuel_coloured_pillars_altar, minmay_temple_entry_wispy, basic_altar,
          first_ration, uniq_blork_the_orc
D:6:      layout_basic, overflow_temple_1_default
D:7:      layout_loops_corners, overflow_temple_1_default,
          nicolae_qazlal_general_emergency, gammafunk_ghost_berserking_beasts
D:8:      minmay_klotski, layout_basic, grunt_pizzeria
D:9:      layout_basic, due_lair_maze_entry_diamond, solitary_fountain,
          worms_lemuel, uniq_gastronok
D:10:     layout_rooms, minmay_orc_entry_guard_dogs, lemuel_hellish_altar
D:11:     layout_stronghold, uniq_maurice
D:12:     layout_gridville, minmay_misc_feat_enclosed
Temple:   eino_temple_water
Lair:1:   layout_gridlike, uniq_urug
Lair:2:   regret_index_harrowing_hell_hive, layout_regular_city,
          chequers_serial_rivers_micro_e, lemuel_fruit_tree, uniq_nergalle
Lair:3:   layout_roguey, minmay_swamp_entry_worms, spider_nest_entry_funnel_web,
          grunt_megastairs_5

Skill      XL: |  1  2  3  4  5  6  7  8  9 10 11 12 13 |
---------------+----------------------------------------+-----
Conjurations   | 1 2 3 4 5 7 9 10 11 | 11.4
Spellcasting   | 3 4 5 6 7 8 9 10 11 | 11.1
Fire Magic     | 3 4 5 6 7 9 10 11 | 11.7
Evocations     | 1 2 3 4 |  4.4
Fighting       | 2 5 7 8 |  8.6
Poison Magic   | 2 4 5 |  5.3
Hexes          | 2 |  2.0
Dodging        | |  1.7
Stealth        | |  1.4

Action                   |  1- 3 |  4- 6 |  7- 9 | 10-12 | 13-15 || total
-------------------------+-------+-------+-------+-------+-------++-------
Melee: Short sword       |    27 |    55 |     1 |    16 |       ||    99
       Staff             |       |       |     1 |       |       ||     1
 Fire: Blowgun           |       |       |       |     1 |       ||     1
Throw: Javelin           |       |       |       |     1 |       ||     1
 Cast: Flame Tongue      |    30 |   102 |   176 |   383 |    70 ||   761
       Sticky Flame      |       |     5 |    35 |    88 |    47 ||   175
       Conjure Flame     |       |       |     6 |    10 |     9 ||    25
       Fireball          |       |       |       |    35 |    29 ||    64
       Olgreb's Toxic Ra |       |       |       |     3 |       ||     3
Evoke: Staff of energy   |       |    22 |    14 |    59 |    60 ||   155
       Wand              |       |       |       |     3 |       ||     3
  Use: Scroll            |       |     5 |     4 |     2 |     2 ||    13
       Potion            |       |       |       |       |     2 ||     2
 Stab: Sleeping          |     2 |     2 |       |       |       ||     4
  Eat: Chunk             |     1 |     9 |    15 |    24 |     9 ||    58
Armor: Robe              |    11 |    19 |    14 |    42 |       ||    86
       Troll leather arm |       |       |       |    16 |    25 ||    41
Dodge: Dodged            |    25 |    46 |    50 |   126 |    41 ||   288

Table legend:
 A = Non-vault XP
 B = Vault XP
 C = Vault XP percentage of total XP
 D = Non-vault monster count
 E = Vault monster count
 F = Vault count percentage of total count
                 A         B        C        D         E       F
            +---------+---------+-------+---------+---------+-------
      Total |   29786 |   15265 |  33.9 |     302 |      83 |  21.6
            +---------+---------+-------+---------+---------+-------
        D:1 |      23 |       0 |   0.0 |      14 |       0 |   0.0
        D:2 |     159 |       0 |   0.0 |      32 |       0 |   0.0
        D:3 |      89 |      37 |  29.4 |      23 |       1 |   4.2
        D:4 |     147 |       0 |   0.0 |       9 |       0 |   0.0
        D:5 |     575 |      94 |  14.1 |      20 |       1 |   4.8
        D:6 |     584 |       0 |   0.0 |      16 |       0 |   0.0
        D:7 |     806 |       0 |   0.0 |      22 |       0 |   0.0
        D:8 |     812 |     506 |  38.4 |      14 |       6 |  30.0
        D:9 |    2744 |    4609 |  62.7 |      33 |      18 |  35.3
       D:10 |    2929 |     747 |  20.3 |      30 |       3 |   9.1
       D:11 |    6389 |     472 |   6.9 |      32 |       1 |   3.0
       D:12 |    1118 |       0 |   0.0 |       5 |       0 |   0.0
     Lair:1 |    2920 |    1049 |  26.4 |      15 |       2 |  11.8
     Lair:2 |    4652 |    7001 |  60.1 |      15 |      48 |  76.2
     Lair:3 |    5839 |     750 |  11.4 |      22 |       3 |  12.0
            +---------+---------+-------+---------+---------+-------
